 Dungeon Crawl Stone Soup version 0.29.1-13-g9f3cf754e1 (webtiles) character file.

Game seed: 11879971184459720817

68 Ayven the Ruffian (level 4, -9/35 HPs)
             Began as a Draconian Transmuter on Feb 10, 2023.
             Was an Initiate of Gozag.
             Killed by nerve-wracking pain
             ... invoked by Jessica
              (14 damage)
             ... on level 3 of the Dungeon.
             The game lasted 00:08:28 (2448 turns).

Ayven the Ruffian (Draconian Transmuter)            Turns: 2448, Time: 00:08:29

Health: -9/35      AC:  5    Str: 15    XL:     4   Next: 1%
Magic:  6/8        EV: 12    Int: 19    God:    Gozag
Gold:   138        SH:  0    Dex: 11    Spells: 5/8 levels left

rFire   . . .      SeeInvis .     - Unarmed
rCold   . . .      Faith    .   (no shield)
rNeg    . . .      Spirit   .   (body armour unavailable)
rPois   .          Reflect  .   (helmet restricted)
rElec   .          Harm     .   (no cloak)
rCorr   .          Rampage  .   (no gloves)
Will    .....                   (no boots)
Stlth   +.........              (no amulet)
HPRegen 0.11/turn               d - +6 ring of intelligence
MPRegen 0.11/turn               (no ring)

@: wereblooded (expiring)
A: AC +5, unfitting armour, cold-blooded
a: Renounce Religion, Potion Petition, Call Merchant, Bribe Branch


You were on level 3 of the Dungeon.
You worshipped Gozag.
Gozag was aware of your devotion.
You visited 1 branch of the dungeon, and saw 3 of its levels.

You collected 138 gold pieces.

Inventory:

Jewellery
 d - a +6 ring of intelligence (left hand)
 j - a ring of fire
Potions
 a - 2 potions of lignification
 b - a potion of haste
 c - 3 potions of degeneration {unknown}
 e - a potion of mutation {unknown}
 f - 2 potions of flight {unknown}
 g - a potion of curing {unknown}
 h - a potion of invisibility {unknown}


   Skills:
 * Level 1.4 Fighting
 - Level 2.0 Dodging
 - Level 3.4 Unarmed Combat
 * Level 2.7 Spellcasting
 * Level 2.9 Transmutations


You had 5 spell levels left.
You knew the following spells:

 Your Spells              Type           Power      Damage    Failure   Level
a - Beastly Appendage     Tmut           26%        N/A       4%          1
b - Wereblood             Tmut           13%        N/A       7%          2

Your spell library contained the following spells:

 Spells                   Type           Power      Damage    Failure   Level
 Spider Form              Tmut/Pois      8%         N/A       26%         3
 Gell's Gravitas          Tloc           2%         N/A       43%         3
 Lesser Beckoning         Tloc           2%         N/A       43%         3
 Teleport Other           Tloc           2%         N/A       43%         3
 Ice Form                 Ice/Tmut       8%         N/A       65%         4


Dungeon Overview and Level Annotations

Branches:
Dungeon (3/15)

Altars:
Dithmenos
Gozag

Shops:
D:2 (

Annotations:
D:3 Jessica


Innate Abilities, Weirdness & Mutations

Your plain brown scales are hard. (AC +5)
You cannot fit into any form of body armour.
You are cold-blooded and may be slowed by cold attacks.


Message History

You hit the goblin.
You feel a bit better.
You kill the goblin!
Your transformation is almost over.
You have reached level 4!
You feel stronger.
You howl as the wereblood boils in your veins!
Things that are here:
6 gold pieces; a +0 dagger Jessica gestures wildly while chanting.
Jessica blinks!
Jessica says, "I'm really upset."
You see here a +0 vorpal spear.
Jessica drinks a potion.
Jessica seems to speed up.
Jessica looks very angry.
Jessica casts a spell at you. You resist with some effort.
Jessica barely misses you.
You hit Jessica but do no damage. Your kick misses Jessica.
You headbutt Jessica! Your punch misses Jessica.
Jessica is almost dead.
Your horns disappear.
Your talons disappear.
Jessica casts a spell.
Jessica blinks!
You howl as the wereblood boils in your veins!
You howl as the wereblood boils in your veins!
Jessica points at you and mumbles some strange words.
Pain shoots through your body! Jessica casts a spell at you.
Pain shoots through your body!
Your primal bloodlust is almost over.
Jessica gestures at you while chanting. Pain shoots through your body!
* * * LOW HITPOINT WARNING * * *
Jessica casts a spell.
Jessica blinks!
Jessica casts a spell.
Jessica blinks!
Jessica points at you and mumbles some strange words.
Pain shoots through your body!
You die...
Your body crumbles into a pile of gold.

#. ... #...#+###
..@.#...# ###~~~~.#
#~~~≈≈~.# ~~≈≈≈≈~@#
≈≈≈≈~~#§# ≈≈~~~.#.#
~~~...#.# ~.....#.#
......#.###########
........)..$......#
.....#..#########.#
.. .#......#


You could see Jessica (fast).

Vanquished Creatures
  An adder (D:2)
  2 worms (D:2)
  2 dart slugs
  4 ball pythons
  6 endoplasms
  A giant cockroach (D:1)
  9 goblins
  2 hobgoblins
  A jackal (D:2)
  7 kobolds
  5 bats
  3 frilled lizards
  2 rats (D:2)
45 creatures vanquished.

Notes
Turn   | Place    | Note
-------+----------+-------------------------------------------
     0 | D:1      | Ayven the Draconian Transmuter began the quest for the Orb.
     0 | D:1      | Reached XP level 1. HP: 16/16 MP: 3/3
   225 | D:1      | Reached XP level 2. HP: 18/23 MP: 3/5
   562 | D:1      | Reached XP level 3. HP: 17/28 MP: 4/6
   565 | D:1      | Learned a level 2 spell: Wereblood
  1175 | D:2      | Found a shadowy altar of Dithmenos.
  1565 | D:2      | Found Roull's Weapon Boutique.
  1630 | D:2      | Found a faded altar of an unknown god.
  1633 | D:2      | Prayed at the altar of an unknown god.
  1633 | D:2      | Became a worshipper of Gozag Ym Sagoz the Greedy
  2418 | D:3      | Noticed Jessica
  2435 | D:3      | Reached XP level 4. HP: 35/35 MP: 4/8
  2448 | D:3      | Killed from afar by Jessica

Illustrated notes

Levels and vault maps discovered:
D:1:      ncdulo_lavacross, layout_rooms, minmay_split_cup_small
D:2:      layout_loops_ring, serial_shops, nicolae_shop_advertising_works
          [nicolae_subvault_shop_adworks], basic_altar,
          hellmonk_ecumenical_altar_inner_sanctum, eino_tiny_chamber,
          minmay_pentomino_x2
D:3:      wander_river, layout_basic, serial_shops, shop_fountains,
          nrook_mini_vaults, corner_web_ring, uniq_jessica

Skill      XL: |  1  2 |
---------------+-------+-----
Dodging        | 2 |  2.0
Fighting       | |  1.4
Unarmed Combat | |  3.4
Spellcasting   | |  2.7
Transmutations | |  2.9

Action                   |  1- 3 |  4- 6 || total
-------------------------+-------+-------++-------
Melee: Unarmed           |   133 |     1 ||   134
       Tailslap          |     5 |       ||     5
       Punch             |     2 |       ||     2
       Kick              |    18 |       ||    18
       Headbutt          |    11 |     1 ||    12
 Cast: Beastly Appendage |    23 |       ||    23
       Wereblood         |     6 |       ||     6
  Use: Scroll            |     5 |       ||     5
Armor: Skin              |    50 |       ||    50
Dodge: Dodged            |   113 |     1 ||   114
